[Event "Titled Tuesday Blitz February 15 Late 2022"]
[White "Erdogdu, Mert"]
[Black "Stoleriu, George"]
[WhiteFideId "6301495"]
[BlackFideId "1227505"]
[WhiteElo "2485"]
[BlackElo "2203"]
[Result "1-0"]
[Round "09"]
[TimeControl "180+1"]
[Date "2022.02.15"]
[WhiteClock "0:01:01"]
[BlackClock "0:01:30"]

1. e4 e6 2. d4 d5 3. exd5 exd5 4. c4 c6 5. Nc3 Be6 6. cxd5 cxd5 7. Nf3 Nc6 8. Bb5 Nf6 9. O-O Bd6 10. h3 h6 11. Ne5 Rc8 12. Bf4 O-O 13. Bxc6 bxc6 14. Nd3 Bxf4 15. Nxf4 Bf5 16. Na4 Re8 17. Rc1 Qa5 18. a3 Qb5 19. b4 Re4 20. Nc3 Qa6 21. Nxe4 Nxe4 22. Qd3 Qb7 23. Qe3 Re8 24. Nd3 Nd6 25. Nc5 Qc8 26. Qf4 Nc4 27. Rfe1 Rxe1+ 28. Rxe1 Nxa3 29. Re7 Nb5 30. Qe5 Kf8 31. Rb7 1-0


[Site "https://www.chess.com"]

[Event "Titled Tuesday Blitz February 15 Late 2022"]
[White "Fiorito, Fabian"]
[Black "Debray, Christopher"]
[WhiteFideId "100200"]
[BlackFideId "630810"]
[WhiteElo "2395"]
[BlackElo "2369"]
[Result "0-1"]
[Round "09"]
[TimeControl "180+1"]
[Date "2022.02.16"]
[WhiteClock "0:00:31"]
[BlackClock "0:00:10"]

1. d4 d5 2. Nc3 c6 3. Bf4 Nf6 4. e3 Bf5 5. f3 Bg6 6. g4 Nbd7 7. h4 h5 8. g5 Nh7 9. Nh3 e6 10. Qd2 Bb4 11. a3 Qa5 12. O-O-O Bxc3 13. Qxc3 Qxc3 14. bxc3 Nhf8 15. Bd6 O-O-O 16. Nf4 Nb6 17. Be5 Rg8 18. Bd3 Bxd3 19. cxd3 g6 20. Kd2 Nfd7 21. Rb1 Nxe5 22. dxe5 Kc7 23. Ke2 Nd7 24. d4 Nb6 25. Nd3 Nc4 26. a4 b6 27. e4 a5 28. exd5 Rxd5 29. Rb3 Rgd8 30. Nf4 R5d7 31. Rd1 Nxe5 32. Nd3 Nxd3 33. Kxd3 e5 34. Re1 exd4 35. c4 c5 36. Rb2 Rd6 37. Rbe2 R8d7 38. Re8 Rd8 39. R8e7+ R6d7 40. R7e5 Kc6 41. f4 Rd6 42. f5 gxf5 43. Rxf5 Re6 44. Rxe6+ fxe6 45. Rf6 Kd6 46. Rh6 Rf8 47. Rxh5 Rf3+ 48. Ke2 Re3+ 49. Kd2 Rg3 50. Rh6 Ke5 51. g6 Ke4 52. g7 Rg2+ 53. Ke1 e5 54. Rxb6 Rxg7 55. Rb5 Ke3 56. Kf1 Kd3 57. Rxc5 e4 58. Rxa5 e3 59. Re5 Kd2 60. c5 d3 61. Rf5 e2+ 62. Kf2 e1=Q+ 63. Kf3 Qf1+ 64. Ke4 Re7+ 65. Kd5 Qxf5+ 66. Kc4 Re4+ 67. Kb5 Qf4 68. c6 Rxa4 69. Kc5 Rc4+ 70. Kb6 Rxc6+ 71. Kxc6 Qxh4 72. Kd5 Kc3 0-1


[Site "https://www.chess.com"]

[Event "Titled Tuesday Blitz February 15 Late 2022"]
[White "Foisor, Sabina-Francesca"]
[Black "Weetik, Vjacheslav"]
[WhiteFideId "1212915"]
[BlackFideId "4153472"]
[WhiteElo "2488"]
[BlackElo "2668"]
[Result "0-1"]
[Round "09"]
[TimeControl "180+1"]
[Date "2022.02.16"]
[WhiteClock "0:00:12"]
[BlackClock "0:00:15"]

1. d4 Nf6 2. c4 e6 3. Nf3 b6 4. g3 Ba6 5. Qc2 c5 6. dxc5 bxc5 7. Bg2 Bb7 8. O-O Be7 9. Nc3 O-O 10. Rd1 Qb6 11. b3 d6 12. Bb2 Nc6 13. Rd2 Rfd8 14. Rad1 h6 15. h4 Rd7 16. Na4 Qc7 17. Bxf6 Nb4 18. Qb1 Bxf6 19. a3 Na6 20. Qc2 Rad8 21. Nc3 Nb8 22. Ne1 a6 23. Bxb7 Qxb7 24. Ne4 Be7 25. Ng2 Nc6 26. e3 Ne5 27. Ne1 f5 28. Nc3 g5 29. hxg5 hxg5 30. e4 f4 31. Kg2 Bf6 32. Nf3 Nxf3 33. Kxf3 g4+ 34. Ke2 f3+ 35. Kd3 d5 36. cxd5 exd5 37. e5 c4+ 38. Ke3 Bg5+ 0-1


[Site "https://www.chess.com"]

[Event "Titled Tuesday Blitz February 15 Late 2022"]
[White "Gatterer, Florian"]
[Black "Yurovskykh, Oleksandr"]
[WhiteFideId "811688"]
[BlackFideId "14134020"]
[WhiteElo "2218"]
[BlackElo "2292"]
[Result "1/2-1/2"]
[Round "09"]
[TimeControl "180+1"]
[Date "2022.02.16"]
[WhiteClock "0:01:32"]
[BlackClock "0:02:23"]

1. Nf3 d5 2. e3 Nf6 3. c4 dxc4 4. Bxc4 c5 5. O-O Nc6 6. d4 e6 7. Nc3 cxd4 8. exd4 Be7 9. Re1 O-O 10. Bf4 Nb4 11. Bg5 b6 12. a3 Nbd5 13. Nxd5 exd5 14. Bd3 Bg4 15. h3 Bh5 16. g4 Bg6 17. Ne5 1/2-1/2


[Site "https://www.chess.com"]

[Event "Titled Tuesday Blitz February 15 Late 2022"]
[White "Goryachkina, Aleksandra"]
[Black "Bon, Michael"]
[WhiteFideId "4147103"]
[BlackFideId "620696"]
[WhiteElo "2426"]
[BlackElo "2465"]
[Result "1-0"]
[Round "09"]
[TimeControl "180+1"]
[Date "2022.02.16"]
[WhiteClock "0:00:11"]
[BlackClock "0:00:10"]

1. e4 c5 2. Nf3 d6 3. c3 Nf6 4. Be2 g6 5. O-O Bg7 6. Bb5+ Nc6 7. d4 cxd4 8. cxd4 a6 9. Bd3 d5 10. e5 Ne4 11. Nc3 Nxc3 12. bxc3 O-O 13. h3 Bf5 14. Bxf5 gxf5 15. e6 fxe6 16. Ng5 Qd7 17. Qh5 h6 18. Nf3 Qe8 19. Qh4 Qg6 20. Re1 Kf7 21. Bf4 Rg8 22. Bg3 Bf6 23. Qf4 Rac8 24. h4 Qh5 25. Qe3 Nd8 26. Rab1 Rc6 27. a4 Rg4 28. Ne5+ Bxe5 29. Qxe5 Kg6 30. f3 Rxh4 31. Bxh4 Qxh4 32. Re3 Qf6 33. Qb8 Nf7 34. Rbe1 f4 35. Qg8+ Kh5 36. Qg4# 1-0


[Site "https://www.chess.com"]

[Event "Titled Tuesday Blitz February 15 Late 2022"]
[White "Grischuk, Alexander"]
[Black "Martirosyan, Haik M."]
[WhiteFideId "4126025"]
[BlackFideId "13306553"]
[WhiteElo "2762"]
[BlackElo "2735"]
[Result "0-1"]
[Round "09"]
[TimeControl "180+1"]
[Date "2022.02.15"]
[WhiteClock "0:00:02"]
[BlackClock "0:00:34"]

1. e4 e5 2. Nf3 Nc6 3. Bc4 Bc5 4. d3 Nf6 5. O-O d6 6. c3 h6 7. b4 Bb6 8. a4 a5 9. b5 Ne7 10. Re1 O-O 11. h3 Ng6 12. d4 Re8 13. Qb3 Be6 14. Bxe6 Rxe6 15. Nbd2 d5 16. exd5 Nxd5 17. c4 Ndf4 18. c5 Ba7 19. Bb2 exd4 20. Qc4 Qe7 21. Nb3 d3 22. Rxe6 fxe6 23. Re1 Rf8 24. Bd4 c6 25. b6 Bb8 26. Kf1 Kh7 27. Re3 Nh4 28. Nxh4 Qxh4 29. Rf3 Rd8 30. Be3 Nxg2 31. Qxe6 Nxe3+ 32. Qxe3 Qxa4 33. Nd2 Qh4 34. Rf7 a4 35. Rxb7 a3 36. Qe7 Qxe7 37. Rxe7 Bf4 38. Nb3 d2 39. Nxd2 Rxd2 40. Ra7 a2 41. Kg2 Rb2 42. Kf3 Bb8 43. Ra8 Be5 44. Ke4 Bf6 45. f4 a1=Q 46. Rxa1 Rb4+ 0-1


[Site "https://www.chess.com"]

[Event "Titled Tuesday Blitz February 15 Late 2022"]
[White "Gubajdullin, Alexei"]
[Black "Haszon, David"]
[WhiteFideId "4141202"]
[BlackFideId "733610"]
[WhiteElo "2268"]
[BlackElo "2201"]
[Result "1-0"]
[Round "09"]
[TimeControl "180+1"]
[Date "2022.02.16"]
[WhiteClock "0:02:08"]
[BlackClock "0:01:19"]

1. d4 Nf6 2. Nf3 d5 3. Bf4 c5 4. e3 Qb6 5. Nc3 e6 6. Nb5 Na6 7. a4 Nh5 8. Be5 f6 9. Nd2 g6 10. g4 fxe5 11. gxh5 exd4 12. hxg6 dxe3 13. Qh5 exd2+ 14. Kxd2 Kd8 15. g7 Bxg7 16. Qg5+ Ke8 17. Qxg7 Rf8 18. Be2 Rxf2 19. Raf1 c4 20. Rxf2 Qxf2 21. Rf1 c3+ 22. bxc3 Qc5 23. Bh5+ Kd8 24. Rf8+ 1-0


[Site "https://www.chess.com"]

[Event "Titled Tuesday Blitz February 15 Late 2022"]
[White "Gurevich, Dmitry"]
[Black "Hess, Robert"]
[WhiteFideId "2000407"]
[BlackFideId "2022036"]
[WhiteElo "2506"]
[BlackElo "2557"]
[Result "1-0"]
[Round "09"]
[TimeControl "180+1"]
[Date "2022.02.15"]
[WhiteClock "0:00:51"]
[BlackClock "0:00:01"]

1. d4 g6 2. c4 Bg7 3. e4 d6 4. Nc3 e6 5. Nf3 Ne7 6. h4 h6 7. Be3 b6 8. Bd3 Bb7 9. d5 Bxc3+ 10. bxc3 e5 11. Qd2 Ng8 12. h5 g5 13. Ng1 Nf6 14. f3 a5 15. c5 dxc5 16. Ne2 Kf8 17. Ng3 Bc8 18. O-O Ne8 19. c4 Nd6 20. Qc3 f6 21. f4 gxf4 22. Bxf4 exf4 23. Rxf4 Ne8 24. e5 Rg8 25. Bg6 Nd7 26. e6 Qe7 27. Nf5 Ne5 28. Nxe7 Kxe7 29. Raf1 Nxg6 30. Rxf6 Nh8 31. Rxh6 Bb7 32. Rh7+ Kd6 33. Rd7# 1-0


[Site "https://www.chess.com"]

[Event "Titled Tuesday Blitz February 15 Late 2022"]
[White "Hamley, Ryan"]
[Black "Riehle, Marco"]
[WhiteFideId "30959497"]
[BlackFideId "12904392"]
[WhiteElo "2441"]
[BlackElo "2462"]
[Result "1/2-1/2"]
[Round "09"]
[TimeControl "180+1"]
[Date "2022.02.15"]
[WhiteClock "0:00:03"]
[BlackClock "0:00:50"]

1. d4 d5 2. c4 e6 3. Nf3 Nf6 4. Nc3 c5 5. cxd5 Nxd5 6. e4 Nxc3 7. bxc3 cxd4 8. cxd4 Bb4+ 9. Bd2 Bxd2+ 10. Qxd2 O-O 11. Bc4 b6 12. d5 Ba6 13. Bxa6 Nxa6 14. d6 Nc5 15. e5 f6 16. O-O fxe5 17. Nxe5 Qf6 18. Rae1 Rad8 19. Re3 h6 20. h3 Nb7 21. Ng4 Qf4 22. d7 Nc5 23. Ne5 a5 24. Ng6 Qf6 25. Nxf8 Qxf8 26. Qb2 Qd6 27. Rfe1 Rxd7 28. R1e2 Qc7 29. Qe5 Rd1+ 30. Kh2 Qxe5+ 31. Rxe5 Rd4 32. Rb2 Kh7 33. Rxb6 Nd7 34. Rbxe6 Nxe5 35. Rxe5 Rd2 36. Rxa5 Rxf2 37. Kg3 Rb2 38. Ra7 h5 39. a4 Rb3+ 40. Kh2 Rb2 41. h4 Ra2 42. Kh3 Ra3+ 43. g3 Kg6 44. a5 Ra1 45. Kg2 Ra2+ 46. Kf3 Ra3+ 47. Kf4 Ra4+ 48. Kf3 Ra3+ 49. Kg2 Ra2+ 50. Kh3 Kh6 51. a6 Kg6 52. Ra8 Kh7 53. a7 g6 54. g4 Ra3+ 55. Kg2 hxg4 56. Kf2 Kg7 57. Kg2 Kh7 58. Kf2 Ra5 59. Kg3 Ra4 60. Kg2 Ra3 1/2-1/2


[Site "https://www.chess.com"]

[Event "Titled Tuesday Blitz February 15 Late 2022"]
[White "Dronavalli, Harika"]
[Black "Carreto Nieto, Giovanni"]
[WhiteFideId "5015197"]
[BlackFideId "5105030"]
[WhiteElo "2382"]
[BlackElo "2221"]
[Result "1-0"]
[Round "09"]
[TimeControl "180+1"]
[Date "2022.02.15"]
[WhiteClock "0:01:04"]
[BlackClock "0:00:12"]

1. d4 Nf6 2. c4 c5 3. d5 b5 4. cxb5 a6 5. bxa6 g6 6. Nc3 Bxa6 7. e4 Bxf1 8. Kxf1 d6 9. Nf3 Bg7 10. g3 O-O 11. Kg2 Nbd7 12. h3 Ra6 13. Re1 Qa8 14. Bd2 Nb6 15. b3 e6 16. dxe6 fxe6 17. Qe2 d5 18. exd5 exd5 19. Nb5 Re8 20. Qf1 Rxe1 21. Rxe1 Rxa2 22. Qe2 Ne4 23. Nc7 Qb7 24. Nxd5 Nxd2 25. Qe6+ Qf7 26. Qxf7+ Kxf7 27. Ng5+ Kg8 28. Nxb6 Nxb3 29. Re8+ Bf8 30. Nd7 1-0


[Site "https://www.chess.com"]

[Event "Titled Tuesday Blitz February 15 Late 2022"]
[White "Hoffmann, Asa"]
[Black "KND2020"]
[WhiteFideId "2001470"]
[WhiteElo "2117"]
[BlackElo "2502"]
[Result "1-0"]
[Round "09"]
[TimeControl "180+1"]
[Date "2022.02.16"]
[WhiteClock "0:00:11"]
[BlackClock "0:00:06"]

1. d4 Nf6 2. Bg5 d5 3. Nd2 h6 4. Bh4 b6 5. e3 Bb7 6. f4 e6 7. Ngf3 c5 8. c3 Nc6 9. Ne5 a6 10. Bd3 b5 11. O-O Qc7 12. Qf3 c4 13. Bc2 a5 14. e4 O-O-O 15. exd5 exd5 16. Rfe1 Kb8 17. b3 Ka8 18. a4 b4 19. bxc4 bxc3 20. Nxc6 cxd2 21. Nxd8 dxe1=Q+ 22. Bxe1 Qxd8 23. c5 Ne4 24. Rb1 Qc7 25. Qb3 Be7 26. Bxa5 Qc6 27. Bd3 Bf6 28. Qb4 g5 29. Bb6 Kb8 30. f5 Kc8 31. Bb5 Bxd4+ 32. Qxd4 Qf6 33. Qxf6 Nxf6 34. c6 Ne4 35. cxb7+ Kxb7 36. Bd3 Rc8 37. Bd4+ Ka8 38. Bxe4 dxe4 39. Re1 Rc4 40. Rxe4 Rxa4 41. Kf2 h5 42. h3 Kb7 43. Ke3 Kc6 44. Re7 Kd5 45. Re5+ Kd6 46. Rb5 Ra3+ 47. Ke4 Ra2 48. Rb6+ Kd7 49. Rf6 Rxg2 50. Rxf7+ Ke8 51. Rg7 Rg3 52. f6 Rxh3 53. Bc5 Rh4+ 54. Kf5 Rf4+ 55. Ke5 Rf1 56. Rxg5 Re1+ 57. Kf5 Rf1+ 58. Kg6 Kd7 59. f7 Ke6 60. f8=Q Rxf8 61. Bxf8 h4 62. Rh5 h3 63. Rxh3 1-0


[Site "https://www.chess.com"]

[Event "Titled Tuesday Blitz February 15 Late 2022"]
[White "Howell, David W L"]
[Black "Burke, Paul"]
[WhiteFideId "410608"]
[BlackFideId "2605767"]
[WhiteElo "2559"]
[BlackElo "1835"]
[Result "1-0"]
[Round "09"]
[TimeControl "180+1"]
[Date "2022.02.16"]
[WhiteClock "0:00:36"]
[BlackClock "0:00:15"]

1. f4 a6 2. e4 d6 3. d4 g6 4. Nf3 Nd7 5. c3 Bg7 6. Be3 e6 7. Nbd2 h6 8. Bd3 Ne7 9. O-O O-O 10. Qe1 b6 11. f5 exf5 12. exf5 Nf6 13. fxg6 fxg6 14. Ne4 Ng4 15. Bd2 Nf5 16. h3 Nf6 17. g4 Nxe4 18. Bxe4 d5 19. Bd3 Nd6 20. Bxg6 Rf6 21. Ne5 Rxf1+ 22. Qxf1 Qh4 23. Bf7+ Kh7 24. Qd3+ Ne4 25. Bxd5 Qf2+ 26. Kh1 1-0


[Site "https://www.chess.com"]

[Event "Titled Tuesday Blitz February 15 Late 2022"]
[White "Jakubowski, Krzysztof"]
[Black "Papayan, Oleg"]
[WhiteFideId "1112848"]
[BlackFideId "4193911"]
[WhiteElo "2365"]
[BlackElo "2038"]
[Result "1-0"]
[Round "09"]
[TimeControl "180+1"]
[Date "2022.02.16"]
[WhiteClock "0:00:56"]
[BlackClock "0:00:02"]

1. e4 e5 2. Nf3 Nc6 3. Bc4 Nf6 4. Ng5 Bc5 5. Bxf7+ Ke7 6. Bb3 d6 7. d3 Qe8 8. O-O Bg4 9. Qd2 h6 10. Nf7 Rf8 11. Kh1 Bh5 12. Nxh6 gxh6 13. Qxh6 Qg6 14. Qxg6 Bxg6 15. Bg5 Kd7 16. Bh6 Ng4 17. Bxf8 Rxf8 18. g3 Ne3 19. Nd2 Nxf1 20. Rxf1 Rxf2 21. Rxf2 Bxf2 22. Kg2 Be3 23. Nc4 Bc1 24. Ba4 Bf7 25. Na5 Kc8 26. Nxc6 bxc6 27. b3 Kb7 28. Kf3 Bh5+ 29. g4 1-0


[Site "https://www.chess.com"]

[Event "Titled Tuesday Blitz February 15 Late 2022"]
[White "Jarocka, Liwia"]
[Black "Kalajzic, Ivan"]
[WhiteFideId "21807558"]
[BlackFideId "14506378"]
[WhiteElo "1896"]
[BlackElo "2163"]
[Result "1-0"]
[Round "09"]
[TimeControl "180+1"]
[Date "2022.02.16"]
[WhiteClock "0:01:41"]
[BlackClock "0:00:02"]

1. e4 c6 2. d4 d5 3. Nc3 b5 4. a3 dxe4 5. Nxe4 Nf6 6. Ng3 e5 7. Nf3 Bg4 8. Be2 Bxf3 9. Bxf3 Qxd4 10. Qe2 Be7 11. O-O O-O 12. Rd1 Qc5 13. Be3 Qc4 14. Qxc4 bxc4 15. Nf5 Re8 16. Nxe7+ Rxe7 17. Rd8+ Re8 18. Rad1 Nbd7 19. R8xd7 Nxd7 20. Rxd7 e4 21. Be2 Red8 22. Rxd8+ Rxd8 23. Kf1 Rb8 24. Bd4 c5 25. Bc3 f5 26. Bxc4+ Kf8 27. Ke2 g5 28. f3 exf3+ 29. Kxf3 Ke7 30. g4 f4 31. b3 Kd6 32. a4 Re8 33. Bf6 Re3+ 34. Kf2 h6 35. Bg7 Rh3 36. Kg2 Rh4 37. h3 h5 38. Be2 hxg4 39. Bxg4 Rh7 40. Bf6 c4 41. Bxg5 Ke5 42. bxc4 Rc7 43. Be2 Rd7 44. Bd3 Rb7 45. Kf3 Rb4 46. Bxf4+ Kd4 47. a5 Ra4 48. Bc7 Ra1 49. h4 Rh1 50. Kg3 a6 51. Kg4 Rg1+ 52. Kh5 Rg7 53. Bb6+ Kc3 54. Kh6 Rg4 55. h5 Kb4 56. Kh7 Ka4 57. h6 Kb4 58. c5 Kc3 59. Kh8 Rg6 60. Bxg6 Kb4 61. Bd3 Ka4 62. h7 Ka3 63. Kg8 Ka4 64. h8=Q Ka3 65. Qc3+ Ka2 66. c6 1-0


[Site "https://www.chess.com"]

[Event "Titled Tuesday Blitz February 15 Late 2022"]
[White "Kavyev, Ruslan"]
[Black "Kushko, Dmitriy"]
[WhiteFideId "34110981"]
[BlackFideId "14162261"]
[WhiteElo "2182"]
[BlackElo "2225"]
[Result "1-0"]
[Round "09"]
[TimeControl "180+1"]
[Date "2022.02.15"]
[WhiteClock "0:01:24"]
[BlackClock "0:00:14"]

1. e4 d6 2. d4 Nf6 3. Nc3 g6 4. Be3 c6 5. f3 b5 6. Qd2 h5 7. a4 b4 8. Na2 a5 9. c3 bxc3 10. Nxc3 Bg7 11. Bc4 d5 12. Bd3 dxe4 13. fxe4 e5 14. dxe5 Ng4 15. Bc5 Nd7 16. Ba3 Ndxe5 17. Rd1 Bh6 18. Qe2 Ne3 19. Nf3 Nxf3+ 20. Qxf3 Bg4 21. Qg3 Bxd1 22. Qe5+ Kd7 23. Qd6+ Ke8 24. Qxc6+ Qd7 25. Qxa8+ Qd8 26. Bb5# 1-0


[Site "https://www.chess.com"]

[Event "Titled Tuesday Blitz February 15 Late 2022"]
[White "Kim, Sergey"]
[Black "Kobo, Ori"]
[WhiteFideId "13700570"]
[BlackFideId "2812320"]
[WhiteElo "2618"]
[BlackElo "2420"]
[Result "1/2-1/2"]
[Round "09"]
[TimeControl "180+1"]
[Date "2022.02.15"]
[WhiteClock "0:00:31"]
[BlackClock "0:00:10"]

1. d4 d6 2. c4 e5 3. Nf3 e4 4. Ng5 f5 5. Nc3 Be7 6. h4 c6 7. Bf4 Nf6 8. e3 O-O 9. Be2 Na6 10. Qb3 Nc7 11. f3 h6 12. Nh3 Nh5 13. O-O-O exf3 14. Bxf3 Nf6 15. h5 Ng4 16. Kb1 Ne6 17. c5 d5 18. Rde1 Nf6 19. Be5 Ne4 20. Nxe4 fxe4 21. Be2 Ng5 22. Nf4 Bf6 23. Ng6 Rf7 24. Ref1 Be6 25. Qd1 Bxe5 26. Nxe5 Rxf1 27. Rxf1 Qc7 28. Bg4 Rf8 29. Bxe6+ Nxe6 30. Rxf8+ Nxf8 31. Qg4 Qe7 32. Qc8 Kh7 33. Qf5+ Kg8 34. Qc8 Kh7 35. Qf5+ Kg8 36. Qc8 1/2-1/2


[Site "https://www.chess.com"]

[Event "Titled Tuesday Blitz February 15 Late 2022"]
[White "Koepke, Christian"]
[Black "Antonova, Nadezhda"]
[WhiteFideId "4655737"]
[BlackFideId "14700182"]
[WhiteElo "2180"]
[BlackElo "1765"]
[Result "1-0"]
[Round "09"]
[TimeControl "180+1"]
[Date "2022.02.16"]
[WhiteClock "0:00:20"]
[BlackClock "0:00:02"]

1. Nf3 Nf6 2. d4 g6 3. Nc3 d5 4. Bf4 Bg7 5. Nb5 Na6 6. e3 c6 7. Nc3 Nb8 8. h3 O-O 9. Bd3 Re8 10. O-O Nfd7 11. Ne5 Nxe5 12. Bxe5 f6 13. Bg3 e5 14. a4 Be6 15. a5 Bf7 16. b4 a6 17. Na4 Nd7 18. c3 f5 19. Nc5 Qc8 20. Nxd7 Qxd7 21. dxe5 Bxe5 22. Bxe5 Rxe5 23. Qf3 Rc8 24. Qf4 Qe7 25. Rab1 Re8 26. h4 Qf6 27. g3 R5e7 28. Qd4 Qxd4 29. cxd4 Kg7 30. Kg2 Kf6 31. Kf3 h6 32. Rh1 Be6 33. Ke2 Bc8 34. Kd2 Bd7 35. Kc3 g5 36. hxg5+ hxg5 37. Rh6+ Kg7 38. Rbh1 Rg8 39. g4 Kf8 40. gxf5 Rf7 41. f6 Ke8 42. Kd2 Be6 43. Ke2 Rgf8 44. Rg1 g4 45. Bg6 Kd7 46. Bxf7 Rxf7 47. Rg6 Bf5 48. Rg7 Ke6 49. Rxf7 Kxf7 50. Rh1 Kxf6 51. Rh8 1-0


[Site "https://www.chess.com"]

[Event "Titled Tuesday Blitz February 15 Late 2022"]
[White "Kopczynski, Michal"]
[Black "Remizov, Yaroslav"]
[WhiteFideId "1124200"]
[BlackFideId "34134015"]
[WhiteElo "2489"]
[BlackElo "2671"]
[Result "0-1"]
[Round "09"]
[TimeControl "180+1"]
[Date "2022.02.16"]
[WhiteClock "0:00:22"]
[BlackClock "0:00:51"]

1. e4 e6 2. d4 a6 3. Nc3 c5 4. dxc5 Bxc5 5. Bd3 Nf6 6. Qe2 Nc6 7. Be3 Bxe3 8. Qxe3 d6 9. O-O-O O-O 10. f3 b5 11. g4 Bb7 12. g5 Nd7 13. f4 Rc8 14. Nf3 Nb4 15. a3 Nxd3+ 16. Qxd3 Nc5 17. Qd4 Qc7 18. Rd2 Bxe4 19. Rf1 d5 20. Ne5 a5 21. Kb1 Nb3 22. Qe3 Nxd2+ 23. Qxd2 Bxc2+ 24. Ka1 b4 25. Ne2 bxa3 26. bxa3 Qc5 27. Rf3 Qb5 28. Rf1 Qa4 29. Rf3 Bb3 30. Rxb3 Qxb3 31. Qb2 Qa4 32. Nd4 Rb8 33. Qc3 Qd1+ 34. Ka2 Qb1# 0-1


[Site "https://www.chess.com"]

[Event "Titled Tuesday Blitz February 15 Late 2022"]
[White "Kosteniuk, Alexandra"]
[Black "Gracia Alvarez, Gerardo Antonio"]
[WhiteFideId "4128125"]
[BlackFideId "5109124"]
[WhiteElo "2469"]
[BlackElo "2139"]
[Result "1-0"]
[Round "09"]
[TimeControl "180+1"]
[Date "2022.02.15"]
[WhiteClock "0:00:49"]
[BlackClock "0:00:07"]

1. d4 Nf6 2. Nf3 g6 3. h4 Bg7 4. c4 c5 5. d5 d6 6. Nc3 e6 7. h5 Nxh5 8. g4 Nf6 9. g5 Nh5 10. e4 exd5 11. Nxd5 Nc6 12. Be2 Bg4 13. Rh4 Qd7 14. Rb1 O-O-O 15. Be3 Rde8 16. Qc2 h6 17. b4 hxg5 18. Bxg5 Bxf3 19. Bxf3 Nd4 20. Qd3 f5 21. Bg2 fxe4 22. Rxe4 Rxe4+ 23. Qxe4 cxb4 24. Ne7+ Kb8 25. Rxb4 d5 26. cxd5 Re8 27. d6 1-0


[Site "https://www.chess.com"]

[Event "Titled Tuesday Blitz February 15 Late 2022"]
[White "Kozin, Yuri"]
[Black "Qashashvili, Alexandre"]
[WhiteFideId "4129920"]
[BlackFideId "13600842"]
[WhiteElo "2512"]
[BlackElo "2316"]
[Result "1-0"]
[Round "09"]
[TimeControl "180+1"]
[Date "2022.02.16"]
[WhiteClock "0:01:52"]
[BlackClock "0:00:43"]

1. e4 c6 2. d4 d5 3. exd5 cxd5 4. c4 Nf6 5. Nc3 Nc6 6. Bg5 e6 7. c5 Be7 8. Bb5 O-O 9. Nf3 Bd7 10. Bxc6 Bxc6 11. Ne5 Nd7 12. Bxe7 Qxe7 13. Nxd7 Qxd7 14. O-O Rfe8 15. Re1 Re7 16. b4 a6 17. a4 f6 18. Qb3 e5 19. dxe5 Rxe5 20. b5 axb5 21. axb5 Rxa1 22. Rxa1 Qe7 23. h3 Re1+ 24. Rxe1 Qxe1+ 25. Kh2 Qe5+ 26. g3 Qe1 27. Kg2 Bd7 28. Qxd5+ Be6 29. Qf3 Qe5 30. c6 bxc6 31. Qxc6 Qf5 32. Qe8# 1-0


[Site "https://www.chess.com"]

[Event "Titled Tuesday Blitz February 15 Late 2022"]
[White "Kraus, Tomas"]
[Black "Dias, Joao Batista"]
[WhiteFideId "331708"]
[BlackFideId "2108240"]
[WhiteElo "2389"]
[BlackElo "1898"]
[Result "0-1"]
[Round "09"]
[TimeControl "180+1"]
[Date "2022.02.16"]
[WhiteClock "0:01:17"]
[BlackClock "0:01:18"]

1. e4 g6 2. d4 Bg7 3. g3 c5 4. d5 d6 5. Nc3 Nf6 6. Bg2 O-O 7. Nf3 a6 8. a4 Nbd7 9. O-O Rb8 10. a5 Ne5 11. Nd2 e6 12. f4 Ned7 13. Nc4 Qe7 14. dxe6 fxe6 15. Nxd6 e5 16. Nxc8 Rfxc8 17. Nd5 Nxd5 18. exd5 c4 19. c3 exf4 20. Bxf4 Qc5+ 21. Kh1 Ra8 22. d6 Qb5 23. Qd5+ Kh8 24. Qxb5 axb5 25. Bxb7 b4 26. a6 bxc3 27. bxc3 Bxc3 28. Rac1 Bb2 29. Rxc4 Rxc4 30. Bxa8 Ra4 31. Bb7 Kg7 32. Rb1 Bd4 33. Rc1 Kf6 34. Rc7 g5 35. Bxg5+ Kxg5 36. Rxd7 Kg4 37. Rf7 Ra1+ 38. Kg2 Rg1# 0-1


[Site "https://www.chess.com"]

[Event "Titled Tuesday Blitz February 15 Late 2022"]
[White "Kujawski, Adam"]
[Black "Karttunen, Mika"]
[WhiteFideId "1100920"]
[BlackFideId "502081"]
[WhiteElo "2053"]
[BlackElo "2343"]
[Result "0-1"]
[Round "09"]
[TimeControl "180+1"]
[Date "2022.02.16"]
[WhiteClock "0:00:05"]
[BlackClock "0:00:24"]

1. e4 g6 2. d4 Bg7 3. Nc3 d6 4. h3 a6 5. a4 Nf6 6. Nf3 O-O 7. Be2 c5 8. d5 e6 9. O-O exd5 10. exd5 Nbd7 11. Re1 Qc7 12. Bf4 b6 13. Nd2 Ne5 14. Bxe5 dxe5 15. Nc4 e4 16. d6 Qb7 17. a5 b5 18. Nb6 Be6 19. Nxa8 Qxa8 20. Bg4 Nxg4 21. hxg4 f5 22. gxf5 gxf5 23. Qh5 Qc6 24. Rad1 b4 25. d7 Bf6 26. Qh6 Bd8 27. Ne2 Rf6 28. Qg5+ Kf7 29. Nf4 Bxd7 30. Qh5+ Kg7 31. Qg5+ Kf8 32. Nh5 Ke8 33. Nxf6+ Bxf6 34. Qh5+ Kf8 35. Qxh7 Bg7 36. Qh5 Be6 37. Qe2 Ke7 38. b3 c4 39. bxc4 Bxc4 40. Qe3 Bf6 41. Qh6 Bf7 42. Qh7 Qb5 43. Qh3 Qxa5 44. Qe3 Qb5 45. Qa7+ Kf8 46. Qa8+ Kg7 47. Qc8 a5 48. Rd8 Bxd8 49. Qxd8 Qe5 50. Qg5+ Kf8 51. Rd1 Be8 52. Qh6+ Qg7 53. Qxg7+ Kxg7 54. Ra1 a4 55. Kf1 a3 56. Ke1 Bf7 57. Kd2 a2 58. Kc1 Kf6 59. Kb2 Ke5 60. Re1 Bd5 61. Re3 f4 62. Rh3 Kd4 63. Rh5 e3 64. fxe3+ fxe3 65. Rh4+ Be4 66. Rh1 Bd5 67. Re1 Bc4 68. g4 e2 69. g5 Ke5 70. g6 Kf6 71. Rxe2 Bxe2 72. Kxa2 Bc4+ 73. Kb2 Kxg6 74. Kc1 Kf5 75. Kd2 Ke4 76. c3 b3 77. Kc1 Kd3 78. Kb2 Kd2 0-1


[Site "https://www.chess.com"]

[Event "Titled Tuesday Blitz February 15 Late 2022"]
[White "Lenderman, Aleksandr"]
[Black "Hambleton, Aman"]
[WhiteFideId "2021285"]
[BlackFideId "2606577"]
[WhiteElo "2651"]
[BlackElo "2552"]
[Result "0-1"]
[Round "09"]
[TimeControl "180+1"]
[Date "2022.02.15"]
[WhiteClock "0:00:03"]
[BlackClock "0:00:03"]

1. Nf3 d5 2. e3 c6 3. c4 Nf6 4. Nc3 Bg4 5. cxd5 Bxf3 6. Qxf3 cxd5 7. d4 Nc6 8. Bd3 e6 9. O-O Be7 10. Rd1 O-O 11. Bf1 Rc8 12. Bd2 a6 13. Rac1 Qd7 14. Be1 Rfd8 15. a3 Rc7 16. Qh3 b5 17. a4 Na7 18. axb5 axb5 19. Na2 Rb8 20. Rxc7 Qxc7 21. Rc1 Qd7 22. Bb4 Bxb4 23. Nxb4 Qd6 24. Qg3 Qxg3 25. hxg3 Rb7 26. Nc6 Nxc6 27. Rxc6 g6 28. b4 Ne4 29. Bd3 Nd2 30. Rc5 Nc4 31. g4 h6 32. Kh2 Kf8 33. Kg3 Ke7 34. Kf4 Kf6 35. Kf3 Nd2+ 36. Ke2 Nc4 37. f4 Ke7 38. Kf3 Nd6 39. f5 gxf5 40. gxf5 Kf6 41. Kf4 Ra7 42. fxe6 fxe6 43. Bxb5 Rb7 44. Bd3 Rxb4 45. Rc6 Ke7 46. Bg6 Rb2 47. g4 Re2 48. Ra6 Rf2+ 49. Kg3 Re2 50. Kf3 Re1 51. Bd3 Rd1 52. Ra3 Rc1 53. Kf4 Re1 54. Rc3 Rd1 55. Be2 Rd2 56. Bf3 Rf2 57. Rc7+ Kf6 58. Kg3 Rd2 59. Rh7 Nf7 60. g5+ Kg6 61. Rxf7 Kxf7 62. g6+ Kxg6 63. Bg4 Kf6 0-1


[Site "https://www.chess.com"]